 Dungeon Crawl Stone Soup version 0.31-a0-145-g046c7d2549 (webtiles) character file.

Game seed: 12815501481516210584

25 qw the Shooter (level 2, -6/26 HPs)
             Began as a Minotaur Hunter on June 7, 2023.
             Mangled by a gnoll
             ... wielding a +0 flail
              (11 damage)
             ... on level 2 of the Dungeon.
             The game lasted 00:00:14 (808 turns).

qw the Shooter (Minotaur Hunter)                     Turns: 808, Time: 00:00:15

Health: -6/26      AC:  3    Str: 15    XL:     2   Next: 86%
Magic:  1/1        EV: 12    Int:  6    God:
Gold:   60         SH:  0    Dex: 13    Spells: 1/1 levels left

rFire   . . .        Y - +0 shortbow
rCold   . . .        (shield currently unavailable)
rNeg    . . .        c - +0 leather armour
rPois   .            (helmet restricted)
rElec   .            (no cloak)
rCorr   .            (no gloves)
SInv    .            (no boots)
Will    .....        (no amulet)
Stlth   +            (no ring)
HPRegen 0.24/turn    (no ring)
MPRegen 0.07/turn

%: no passive effects
@: no status effects
A: horns 2, retaliatory headbutt
a: no special abilities


You were on level 2 of the Dungeon.
You visited 1 branch of the dungeon, and saw 2 of its levels.

You collected 60 gold pieces.


Innate Abilities, Weirdness & Mutations

You have a pair of horns on your head.
You reflexively headbutt those who attack you in melee.


   Skills:
 - Level 3.0 Fighting
 + Level 5.1 Ranged Weapons
 - Level 2.1 Dodging
 - Level 0.7 Stealth


You had one spell level left.
You didn't know any spells.
Your spell library was empty.

Inventory:

Hand Weapons
 Y - a +0 shortbow (weapon)
Armour
 c - a +0 leather armour (worn)
Scrolls
 b - 4 scrolls of identify
Potions
 a - a potion of degeneration {unknown}
 d - a potion of haste {unknown}
 e - a potion of mutation {unknown}
 f - 2 potions of brilliance {unknown}

Dungeon Overview and Level Annotations

Branches:
Dungeon (2/15)

Altars:


Message History

Found a hand axe.
Enter note: You see here a +2 short sword of electrocution.
Enter note: 2 gnolls come into view.
The gnoll shouts! x2
A hobgoblin comes into view.
A gnoll comes into view. It is wielding a +0 halberd.
Enter note: You shoot an arrow.
The gnoll shouts!
The arrow hits the gnoll but does no damage.
You shoot an arrow. The arrow barely misses the gnoll.
An endoplasm comes into view.
You shoot an arrow.
The arrow hits the gnoll but does no damage.
The hobgoblin hits you but does no damage.
The gnoll hits you with a +0 club.
You shoot an arrow. The arrow barely misses the gnoll.
The arrow closely misses the gnoll.
The arrow hits the gnoll.
The gnoll is moderately wounded.
The hobgoblin barely misses you. You furiously retaliate!
You headbutt the hobgoblin. The gnoll misses you. You furiously retaliate!
You headbutt the gnoll!
The endoplasm hits you but does no damage.
The hobgoblin hits you but does no damage.
You shoot an arrow. The arrow hits the hobgoblin.
You kill the hobgoblin!
The endoplasm barely misses you. The gnoll completely misses you.
You shoot an arrow. The arrow closely misses the gnoll.
The endoplasm barely misses you.
The gnoll hits you from afar with a +0 halberd!
The gnoll closely misses you.
You shoot an arrow.
The arrow hits the gnoll but does no damage.
The gnoll is almost dead.
The endoplasm hits you but does no damage.
The gnoll hits you from afar with a +0 halberd!
The gnoll misses you. The gnoll hits you with a +0 flail!
You die...

#.#### #####....#
.........#
.........##
..........
.......#
#gggJ####.#
#@......#
#.#######
#.####.#########
#.......).......
######.########.
####.# .# ..
#....######.# ..#
#.#.........#...#
# #.........#...#


You could see 3 gnolls and an endoplasm.

Vanquished Creatures
  A dart slug (D:1)
  5 bats (D:1)
  An endoplasm (D:2)
  2 giant cockroaches
  3 hobgoblins (D:2)
  2 quokkas (D:1)
  A ball python (D:1)
  A frilled lizard (D:2)
  3 goblins
  A kobold (D:1)
  A rat (D:1)
21 creatures vanquished.

Notes
Turn   | Place    | Note
-------+----------+-------------------------------------------
     0 | D:1      | qw the Minotaur Hunter began the quest for the Orb.
     0 | D:1      | Reached XP level 1. HP: 18/18 MP: 0/0
     0 | D:1      | 0 ||| qw: Version: 0.2-a-117-gc6b5c8b
     0 | D:1      | 0 ||| qw: Game counter: 2450
     0 | D:1      | 0 ||| qw: Always use a shield: true
     0 | D:1      | 0 ||| qw: God list: Okawaru
     0 | D:1      | 0 ||| qw: Allow faded altars: false
     0 | D:1      | 0 ||| qw: Do Orc after D:15 true
     0 | D:1      | 0 ||| qw: Do second Lair branch before Depths: true
     0 | D:1      | 0 ||| qw: Lair rune preference: random
     0 | D:1      | 0 ||| qw: Plans: Normal
     0 | D:1      | 0 ||| PLANNING D:1-11
   184 | D:1      | Reached XP level 2. HP: 15/25 MP: 1/1
   261 | D:1      | Reached skill level 5 in Ranged Weapons
   621 | D:1      | 621 ||| READING scroll labelled ZUINTU HORPH.
   622 | D:1      | 622 ||| READING scroll labelled NUMEEP MASCHO.
   623 | D:1      | 623 ||| READING scroll labelled DIMEUV VECRUR.
   624 | D:1      | 624 ||| DROPPING scroll of butterflies.
   680 | D:2      | Reached skill level 3 in Fighting
   808 | D:2      | HP: 5/26 [gnoll/+0 halberd (9)]
   808 | D:2      | Mangled by a gnoll

Levels and vault maps discovered:
D:1:      minmay_arrival_semitransparent, layout_loops_ring
D:2:      layout_basic, dreamdust_princess_corridor

Skill      XL: |  1  2 |
---------------+-------+-----
Ranged Weapons | 5 |  5.1
Fighting       | 3 |  3.0
Dodging        | |  2.1
Stealth        | |  0.7

Action                     || total
---------------------------++-------
   Fire: Shortbow          ||    53
    Use: Scroll            ||     3
 Armour: Leather armour    ||     6
  Dodge: Dodged            ||    20

Table legend:
 A = Non-vault XP
 B = Vault XP
 C = Vault XP percentage of total XP
 D = Non-vault monster count
 E = Vault monster count
 F = Vault count percentage of total count
                 A         B        C        D         E       F
            +---------+---------+-------+---------+---------+-------
      Total |      37 |       0 |   0.0 |      21 |       0 |   0.0
            +---------+---------+-------+---------+---------+-------
        D:1 |      25 |       0 |   0.0 |      14 |       0 |   0.0
        D:2 |      12 |       0 |   0.0 |       7 |       0 |   0.0
            +---------+---------+-------+---------+---------+-------
